 Dungeon Crawl Stone Soup version 0.26-a0-652-gafc20e3620 (webtiles) character file.

Game seed: 16413893827039150465

0 Gargoyl the Skirmisher (level 1, -27/23 HPs)
             Began as a Gnoll Abyssal Knight on Oct 4, 2020.
             Was a Follower of Lugonu.
             Killed from afar by an ophan (35 damage)
             ... with a bolt of fire
             ... on level 1 of the Abyss.
             The game lasted 00:00:34 (150 turns).

Gargoyl the Skirmisher (Gnoll Abyssal Knight)        Turns: 150, Time: 00:00:35

Health: -27/23     AC:  3    Str: 14    XL:     1   Next: 0%
Magic:  3/3        EV: 12    Int: 14    God:    Lugonu [*.....]
Gold:   5          SH:  0    Dex: 14    Spells: 0/0 levels left

rFire    . . .     SeeInvis .   a - +1 hand axe
rCold    . . .     Faith    .   (no shield)
rNeg     . . .     Spirit   .   b - +0 leather armour
rPois    .         Reflect  .   (no helmet)
rElec    .         Harm     .   (no cloak)
rCorr    .         Rampage  .   (no gloves)
MR       .....                  (no boots)
Stlth    +.........             (no amulet)
HPRegen  0.07/turn              (no ring)
MPRegen  0.08/turn              (no ring)

@: glowing
A: distributed training, fangs 1, strong nose
a: Depart the Abyss, Renounce Religion


You were on level 1 of the Abyss.
You worshipped Lugonu.
Lugonu was aware of your devotion.
You visited 0 branches of the dungeon, and saw 0 of its levels.
You visited the Abyss 1 time.

You collected 5 gold pieces.

Inventory:

Hand Weapons
 a - a +1 hand axe (weapon)
Armour
 b - a +0 leather armour (worn)


   Skills:
 + Level 6.4 Fighting
 + Level 0.0 Short Blades
 + Level 0.0 Long Blades
 + Level 4.4 Axes
 + Level 0.0 Maces & Flails
 + Level 0.0 Polearms
 + Level 0.0 Staves
 + Level 0.0 Slings
 + Level 0.0 Bows
 + Level 0.0 Crossbows
 + Level 0.0 Throwing
 + Level 4.4 Armour
 + Level 2.3 Dodging
 + Level 0.0 Stealth
 + Level 0.0 Shields
 + Level 0.0 Unarmed Combat
 + Level 0.0 Spellcasting
 + Level 0.0 Conjurations
 + Level 0.0 Hexes
 + Level 0.0 Summonings
 + Level 0.0 Necromancy
 + Level 0.0 Translocations
 + Level 0.0 Transmutations
 + Level 0.0 Fire Magic
 + Level 0.0 Ice Magic
 + Level 0.0 Air Magic
 + Level 0.0 Earth Magic
 + Level 0.0 Poison Magic
 + Level 4.4 Invocations
 + Level 0.0 Evocations


You couldn't memorise any spells.
You didn't know any spells.
Your spell library was empty.

Dungeon Overview and Level Annotations

Branches:
Dungeon (0/15)

Altars:


Innate Abilities, Weirdness & Mutations

Your experience applies equally to all skills.
You have very sharp teeth.
Your uncanny sense of smell can sniff out nearby items.


Message History

A small abomination comes into view.
An ophan comes into view.
The ophan turns its gaze towards you.
The ophan calls forth blessed flames!
Blessed fire suddenly surrounds you!
Really walk into that cloud of blessed fire?
Okay, then.
The small abomination is engulfed in blessed fire.
The small abomination hits you but does no damage.
Unknown command.
The ophan calls forth blessed flames!
Unknown command.
The small abomination is engulfed in blessed fire.
The small abomination is destroyed!
Unknown command.
Unknown command.
The ophan harnesses the cleansing power of fire!
The bolt of fire hits you!!
Ouch! That really hurt!
You die...

#.###..#.##.## .
### ......# #.
#....#.#...## #.#
#...........###.#
#.....#
####..#... #..#
##. ..##.... .
#.#...#.#.#.# .
#. . ##..#..§## .
#. #..G..§@# #.
#...####§# #.##
##..# ### .. ##..
.. #.. #.## #.


You could see an ophan.

Vanquished Creatures (others)
  A small abomination (Abyss:1)
1 creature vanquished.

Notes
Turn   | Place    | Note
-------+----------+-------------------------------------------
     0 | Abyss:1  | Gargoyl the Gnoll Abyssal Knight began the quest for the
                  | Orb.
     0 | Abyss:1  | Reached XP level 1. HP: 23/23 MP: 3/3
    63 | Abyss:1  | Noticed a raiju
    76 | Abyss:1  | Noticed a raiju
    77 | Abyss:1  | Noticed a large abomination
    80 | Abyss:1  | Noticed a starcursed mass
   145 | Abyss:1  | Noticed an ophan
   150 | Abyss:1  | Killed from afar by an ophan

Illustrated notes

Levels and vault maps discovered:
Abyss:1:  evilmike_abyss_exit_9

Action                   || total
-------------------------++-------
Melee: Hand axe          ||     2
  Use: Scroll            ||     1
Armor: Leather armour    ||     1
Dodge: Dodged            ||     1

Table legend: (Time is in decaauts)
 A = Elapsed time spent in this place.
 B = Non-inter-level travel time spent in this place.
 C = Inter-level travel time spent in this place.
 D = Time resting spent in this place.
 E = Time spent auto-exploring this place.
 F = Levels seen in this place.
 G = Mean time per level.
                   A        B        C        D        E       F      G
               +--------+--------+--------+--------+--------+-----+--------+
         Total |    150 |    150 |      0 |      0 |     63 |   1 |  150.0 |
         Abyss |    150 |    150 |      0 |      0 |     63 |   1 |  150.0 |
               +--------+--------+--------+--------+--------+-----+--------+

Top non-repeatable levels by time:
 Abyss:1: 150 daAuts
